 Dungeon Crawl Stone Soup version 0.32-a0-918-g0f22ef8d61 (webtiles) character file.

Game seed: 6975402234231432105

308 uglyjohn the Changeling (level 6, -1/40 (41) HPs)
             Began as an Octopode Shapeshifter on Apr 11, 2024.
             Was an Initiate of Hepliaklqana.
             Slain by a gnoll
             ... wielding a +0 flail
              (7 damage)
             ... on level 4 of the Dungeon.
             The game lasted 00:06:32 (2761 turns).

uglyjohn the Changeling (Octopode Shapeshifter)     Turns: 2761, Time: 00:06:32

HP:   -1/40 (41)    AC:  1    Str: 16    XL:     6   Next: 40%
MP:   6/6           EV: 12    Int: 12    God:    Hepliaklqana [......]
Gold: 190           SH:  0    Dex: 11    Spells: 5/5 levels left

rFire   . . .        i - +5 Force Lance {heavy, knockback}
rCold   . . .        (no shield)
rNeg    . . .        (helmet currently unavailable)
rPois   .            (no amulet)
rElec   .            (no ring)
rCorr   .            (no ring)
SInv    .            (no ring)
Will    .....        (no ring)
Stlth   ++           (no ring)
HPRegen 0.26/turn    (no ring)
MPRegen 0.10/turn    (no ring)
                     (no ring)

%: no passive effects
@: beast-form, hasted, lightly drained, very quick
A: beast (slay +2), almost no armour, amphibious, 8 rings, camouflage 1,
gelatinous body 1, (nimble swimmer 1), tentacles
a: Begin Untransformation, Renounce Religion


You were on level 4 of the Dungeon.
You worshipped Hepliaklqana.
Hepliaklqana was noncommittal.
You were a hulking beast.
You visited 1 branch of the dungeon, and saw 4 of its levels.

You collected 190 gold pieces.

Inventory:

Hand Weapons
 i - the +5 Force Lance (weapon) {heavy, knockback}
   (You took it off a kobold on level 2 of the Dungeon)
Talismans
 b - a beast talisman (active)
 c - a flux talisman
Scrolls
 d - a scroll of poison {unknown}
 h - 2 scrolls of identify
 j - 2 scrolls of revelation {unknown}
 k - 2 scrolls of teleportation {unknown}
 o - a scroll of torment {unknown}
Potions
 a - 2 potions of lignification
 e - a potion of curing
 f - 3 potions of attraction {unknown}
 g - a potion of mutation {unknown}
 l - 2 potions of cancellation {unknown}
 m - 2 potions of resistance {unknown}
 n - 2 potions of haste
 p - a potion of heal wounds {unknown}


   Skills:
 + Level 2.7 Fighting
 + Level 3.3 Dodging
 + Level 4.0 Unarmed Combat
 * Level 4.7 Shapeshifting


You had 5 spell levels left.
You didn't know any spells.
Your spell library contained the following spells:

 Spells                   Type           Power      Damage    Failure   Level
 Blink                    Tloc           0%         N/A       45%         2
 Call Imp                 Summ           0%         N/A       45%         2
 Lesser Beckoning         Tloc           0%         N/A       45%         2
 Momentum Strike          Conj/Tloc      0%         3d8       45%         2
 Sublimation of Blood     Necr           0%         N/A       45%         2
 Maxwell's Portable Pile  Tloc           0%         2d(5-13)  69%         3
 Teleport Other           Tloc           0%         N/A       69%         3
 Summon Hydra             Summ           0%         N/A       100%        7


Dungeon Overview and Level Annotations

Branches:
Dungeon (4/15)
 Temple: D:4-7

Altars:
Fedhas
Hepliaklqana
Nemelex Xobeh
Sif Muna
Uskayaw
Wu Jian

Annotations:
D:4 2 transporters


Innate Abilities, Weirdness & Mutations

You are a hulking beast.
Your limbs bulge with bestial killing power. (Slay +2)
You cannot wear most types of armour.
You are amphibious.
You can wear up to eight rings at the same time.
Your skin changes colour to match your surroundings (Stealth+).
Your rubbery body absorbs attacks. (AC +1, EV +1)
((You are camouflaged when in or above water. (Stealth+)))
You have tentacles for arms and can constrict up to eight enemies at once.


Message History

The ball python closely misses you. The ball python barely misses you.
You are too injured to fight recklessly!
You are too injured to fight recklessly!
You are too injured to fight recklessly!
Reach: i) +5 Force Lance {heavy, knockback}
Press: ? - help, Dir - move target, f - ball python
Aim: a ball python (about 36% to evade the +5 Force Lance)
You puncture the ball python!
You kill the ball python!
Unknown command.
Reach: i) +5 Force Lance {heavy, knockback}
Press: ? - help, Dir - move target, f - gnoll
Aim: a gnoll, wielding a +0 club (moderately wounded, about 30% to evade the +5 Force Lance)
You barely miss the gnoll. You grab the gnoll.
The gnoll is moderately wounded.
You constrict the gnoll! The gnoll barely misses you. The gnoll misses you.
The gnoll struggles to escape constriction.
The gnoll hits you from afar with a +0 spear.
* * * LOW HITPOINT WARNING * * *
Unknown command.
Reach: i) +5 Force Lance {heavy, knockback}
Press: ? - help, Dir - move target, f/p - gnoll
Aim: a gnoll, wielding a +0 club (almost dead, constricted by you, about 2% to evade the +5 Force Lance)
You hit the gnoll.
You kill the gnoll!
The gnoll barely misses you. The gnoll hits you with a +0 whip!
* * * LOW HITPOINT WARNING * * *
The gnoll misses you.
Unknown command.
You feel better.
The gnoll hits you from afar with a +0 spear.
* * * LOW HITPOINT WARNING * * *
You feel yourself speed up. The gnoll hits you with a +0 whip.
* * * LOW HITPOINT WARNING * * *
The gnoll misses you.
Unknown command.
The gnoll attacks as it pursues you! The gnoll closely misses you.
The gnoll attacks as it pursues you! The gnoll hits you with a +0 flail!
You die...
Hepliaklqana delivers you to your ancestors.

###..........#..†.†_.†
.........
####....#...##......
#........
....##...##...... #.#
..... #.....# .....
#.###....
##....####.####..###...
###...###.............
##....##...#....##..
#........###..##....
##.h..##.####.....##
###g.##.##........#
#g.g..)..........
#.....#..........
#....##g.........
###.####......... #...#
#g........
#...###.g........
......#g......#...


You could see 3 gnolls.

Vanquished Creatures
  A scorpion (D:4)
  A howler monkey (D:4)
  2 orc priests (D:4)
  2 bombardier beetles
  2 gnolls
  An adder (D:3)
  4 dart slugs
  4 orcs (D:4)
  3 bats
  6 endoplasms
  2 giant cockroaches
  9 goblins
  5 hobgoblins
  4 quokkas
  4 ball pythons (D:4)
  2 frilled lizards
  4 kobolds
  3 rats
59 creatures vanquished.

Notes
Turn   | Place    | Note
-------+----------+-------------------------------------------
     0 | D:1      | uglyjohn the Octopode Shapeshifter began the quest for the
                  | Orb.
     0 | D:1      | Reached XP level 1. HP: 13/13 MP: 1/1
   132 | D:1      | Reached XP level 2. HP: 18/18 MP: 2/2
   763 | D:2      | Reached XP level 3. HP: 3/23 MP: 3/3
  1467 | D:3      | Reached XP level 4. HP: 21/29 MP: 4/4
  2072 | D:3      | Found a hazy altar of Hepliaklqana.
  2074 | D:3      | Found a sparkling altar of Nemelex Xobeh.
  2077 | D:3      | Found a blossoming altar of Fedhas.
  2079 | D:3      | Found an ornate altar of the Wu Jian Council.
  2085 | D:3      | Found a shimmering blue altar of Sif Muna.
  2179 | D:4      | Noticed a scorpion
  2247 | D:3      | Became a worshipper of Hepliaklqana the Forgotten
  2281 | D:4      | Reached XP level 5. HP: 34/34 MP: 5/5
  2446 | D:4      | Reached XP level 6. HP: 41/41 MP: 6/6
  2479 | D:4      | Found a transporter.
  2609 | D:4      | Found a transporter.
  2709 | D:4      | Found a hide-covered altar of Uskayaw.
  2752 | D:4      | HP: 2/40 [gnoll/+0 whip (8)]
  2761 | D:4      | Slain by a gnoll

Illustrated notes

Levels and vault maps discovered:
D:1:      minmay_arrival_semitransparent, layout_basic, serial_forest,
          infiniplex_forest_straight_4, infiniplex_forest_lined_1,
          infiniplex_forest_clump_cross, infiniplex_forest_lined_corner,
          infiniplex_forest_zigzag_1, infiniplex_forest_straight_2,
          infiniplex_forest_lined_3_way
D:2:      layout_loops_cross, minmay_circle_x
D:3:      layout_loops_ring, minitemple, minmay_misc_feat_alley
D:4:      gammafunk_wand_slinger, layout_cave_pools,
          nicolae_uskayaw_murder_on_the_dancefloor, uniq_crazy_yiuf_cottage

Skill      XL: |  1  2  3  4  5 |
---------------+----------------+-----
Fighting       | 2 |  2.7
Shapeshifting  | 4 |  4.7
Dodging        | 3 |  3.3
Unarmed Combat | 4 |  4.0

Action                     |  1- 3 |  4- 6 || total
---------------------------+-------+-------++-------
  Melee: Unarmed           |    34 |       ||    34
         Constrict         |    10 |    11 ||    21
         Tentacles         |     5 |     5 ||    10
         Punch             |     1 |       ||     1
         Lance             |    15 |    47 ||    62
    Use: Potion            |       |     3 ||     3
         Scroll            |       |     1 ||     1
   Stab: Sleeping          |     4 |     8 ||    12
 Armour: Skin              |    23 |    21 ||    44
  Dodge: Dodged            |    21 |    20 ||    41

Table legend: (Time is in decaauts)
 A = Elapsed time spent in this place.
 B = Non-inter-level travel time spent in this place.
 C = Inter-level travel time spent in this place.
 D = Time resting spent in this place.
 E = Time spent auto-exploring this place.
 F = Levels seen in this place.
 G = Mean time per level.
                   A        B        C        D        E       F      G
               +--------+--------+--------+--------+--------+-----+--------+
         Total |   2796 |   2585 |    211 |    469 |   1682 |   4 |  699.0 |
       Dungeon |   2796 |   2585 |    211 |    469 |   1682 |   4 |  699.0 |
               +--------+--------+--------+--------+--------+-----+--------+

Top non-repeatable levels by time:
     D:3: 958 daAuts
     D:1: 708 daAuts
     D:2: 624 daAuts
     D:4: 506 daAuts
